AoeStats
← a.l.a.n.t

Hideout

503256757Analyzed
4v4 RM · 1mo ago on Aug 30, 2026· 25m 57s· 8 players
Game mode
Random Map
Map size
Large (8 player)
Population
200
Speed
Normal
Resources
Standard
Victory
Conquest
Starting age
Dark Age
Ending age
Imperial Age
RankedLock teamsTeams togetherTeam positionsShared explorationLock speedFull tech treeHidden civsTurbo modeCheats
Victory
Defeat
🇮🇳 Franks · India
1289
+11
🇬🇧 Vietnamese · United Kingdom
1251
+13
🇲🇽 Magyars · Mexico
1239
+14
🇺🇸 Saracens · United States
1224
+14
🇦🇷 Khitans · Argentina
1280
-17
🇦🇷 Poles · Argentina
1278
-17
🇦🇷 Italians · Argentina
1190
-13
🇦🇷 Persians · Argentina
999
-6
Non faux pa
8:47 Feudal Age
14:12 Fletching
14:16 Horse Collar
21:58 Castle Age
21:40 Padded Archer Armor
22:02 Crossbowman
22:38 Bodkin Arrow
23:46 Thumb Ring
a.l.a.n.t
7:11 Loom
9:17 Feudal Age
10:00 Double-Bit Axe
12:53 Horse Collar
20:44 Castle Age
20:48 Fletching
21:09 Bloodlines
22:13 Bodkin Arrow
22:28 Husbandry
22:48 Padded Archer Armor
tona1410
9:39 Feudal Age
10:09 Double-Bit Axe
19:34 Castle Age
17:29 Horse Collar
18:27 Bloodlines
19:54 Scale Barding Armor
21:18 Chain Barding Armor
Velmont
11:13 Feudal Age
15:16 Castle Age
13:02 Double-Bit Axe
15:08 Scale Barding Armor
16:21 Husbandry
23:56 Forging
26:53 Iron Casting
Mono
9:41 Feudal Age
10:19 Double-Bit Axe
16:50 Fletching
21:20 Padded Archer Armor
25:34 Castle Age
25:22 Loom
Beto Casella
10:27 Feudal Age
16:21 Castle Age
15:17 Scale Barding Armor
15:01 Double-Bit Axe
15:56 Scale Barding Armor
17:27 Bloodlines
17:17 Husbandry
23:46 Wheelbarrow
24:09 Forging
Palomo Usuriaga
11:11 Feudal Age
11:53 Double-Bit Axe
14:43 Forging
14:19 Domestication
19:09 Castle Age
17:35 Gold Mining
18:09 Scale Barding Armor
18:11 Loom
21:10 Chain Barding Armor
21:27 Iron Casting
21:29 Wheelbarrow
21:00 Husbandry
Gulrich
7:21 Loom
10:42 Feudal Age
11:05 Horse Collar
15:41 Town Watch
19:38 Castle Age
18:29 Double-Bit Axe
18:59 Scale Barding Armor
19:34 Forging
20:21 Bloodlines
23:21 Husbandry
26:10 Wheelbarrow
Connection lost

Rejoining the realm…

Still unreachable

The connection could not be restored.

Session expired

The server has moved on; the page needs a fresh start.